 Dungeon Crawl Stone Soup version 0.27-a0-13-g87abb2d9eb (webtiles) character file.

Game seed: 7321962489021728069

29 wakim the Vandal (level 3, 0/24 HPs)
             Began as a Halfling Hunter on Jan 2, 2021.
             Slain by an adder (1 damage)
             ... on level 2 of the Dungeon.
             The game lasted 00:04:30 (497 turns).

wakim the Vandal (Halfling Hunter)                   Turns: 497, Time: 00:04:30

Health: 0/24       AC:  4    Str: 13    XL:     3   Next: 32%
Magic:  3/3        EV: 15    Int:  9    God:
Gold:   16         SH:  0    Dex: 15    Spells: 2/2 levels left

rFire    . . .     SeeInvis .   b - +0 short sword
rCold    . . .     Faith    .   (shield restricted)
rNeg     . . .     Spirit   .   c - +0 leather armour
rPois    .         Reflect  .   (no helmet)
rElec    .         Harm     .   (no cloak)
rCorr    .         Rampage  .   (no gloves)
Will     .....                  k - +0 pair of boots
Stlth    ++........             (no amulet)
HPRegen  0.08/turn              (no ring)
MPRegen  0.08/turn              (no ring)

@: lethally poisoned (0 -> -4)
A: small, mutation resistance 1
a: no special abilities


You were on level 2 of the Dungeon.
You visited 1 branch of the dungeon, and saw 2 of its levels.

You collected 16 gold pieces.

Inventory:

Hand Weapons
 a - a +1 hunting sling
 b - a +0 short sword (weapon)
 d - a +0 dagger
Armour
 c - a +0 leather armour (worn)
 h - a +0 chain mail
 k - a +0 pair of boots (worn)
Jewellery
 m - a cursed amulet of the acrobat {unknown}
Scrolls
 e - a scroll of fog {unknown}
 i - a scroll of enchant armour {unknown}
 j - 4 scrolls of remove curse {unknown}
 l - a scroll of identify {unknown}
Potions
 f - a potion of curing {unknown}
 g - 2 potions of heal wounds {unknown}


   Skills:
 + Level 2.0 Fighting
 + Level 6.1 Slings
 + Level 1.2 Armour
 * Level 2.8 Dodging
 + Level 1.6 Stealth


You had 2 spell levels left.
You didn't know any spells.
Your spell library was empty.

Dungeon Overview and Level Annotations

Branches:
Dungeon (2/15)

Altars:


Innate Abilities, Weirdness & Mutations

You are small and have problems with some larger weapons.
You are somewhat resistant to further mutation.


Message History

You miss the adder. The adder bites you but does no damage.
The adder bites you.
You are poisoned.
The adder poisons you!
You barely miss the adder.
You feel sick. The adder misses you.
You closely miss the adder.
* * * LOW HITPOINT WARNING * * *
You feel sick. The adder misses you. The adder bites you.
* * * LOW HITPOINT WARNING * * *
You completely miss the adder. The adder barely misses you.
You miss the adder.
* * * LOW HITPOINT WARNING * * *
You feel sick. The adder misses you.
You closely miss the adder. The adder barely misses you.
The adder bites you but does no damage.
You closely miss the adder. The adder barely misses you.
You barely miss the adder.
* * * LOW HITPOINT WARNING * * *
You feel sick. The adder bites you.
You die...

#........#
#.........#
..K#######
########.## ...#
#.# ...# .......
#.# ..## .....).
##.##
..####.......
#...#
.K.........$[
#...#
..$###.......
###...### ...#
....... #@......#
...#
.......###S##.##.#
##.# #...w##.# .#
. .# #.......# .#
## # .......####
.# # ###.#.#.# .#
w #(#.#... .#
....##### ##
##.###


You could see an adder and a dart slug.

Vanquished Creatures
  5 bats (D:1)
  3 giant cockroaches
  3 goblins (D:1)
  A hobgoblin (D:1)
  4 jackals (D:1)
  6 kobolds
  4 rats (D:1)
26 creatures vanquished.

Notes
Turn   | Place    | Note
-------+----------+-------------------------------------------
     0 | D:1      | wakim the Halfling Hunter began the quest for the Orb.
     0 | D:1      | Reached XP level 1. HP: 14/14 MP: 1/1
    62 | D:1      | Reached XP level 2. HP: 18/19 MP: 2/2
   102 | D:1      | Reached skill level 6 in Slings
   291 | D:1      | Reached skill level 1 in Armour
   291 | D:1      | Reached XP level 3. HP: 24/24 MP: 3/3
   497 | D:2      | HP: 1/24 [poisoned by an adder]
   497 | D:2      | Slain by an adder

Illustrated notes

Levels and vault maps discovered:
D:1:      minmay_arrival_five_plusses, layout_basic, minmay_misc_feat_pillars
D:2:      layout_loops_cross, nicolae_overflow_crystal_walls

Skill      XL: |  1  2 |
---------------+-------+-----
Slings         | 6 |  6.1
Fighting       | 2 |  2.0
Armour         | 1 |  1.2
Dodging        | |  2.8
Stealth        | |  1.6

Action                   || total
-------------------------++-------
Melee: Short sword       ||    29
 Fire: Hunting sling     ||    49
 Stab: Sleeping          ||     1
Armor: Leather armour    ||     9
Dodge: Dodged            ||    35

Table legend: (Time is in decaauts)
 A = Elapsed time spent in this place.
 B = Non-inter-level travel time spent in this place.
 C = Inter-level travel time spent in this place.
 D = Time resting spent in this place.
 E = Time spent auto-exploring this place.
 F = Levels seen in this place.
 G = Mean time per level.
                   A        B        C        D        E       F      G
               +--------+--------+--------+--------+--------+-----+--------+
         Total |    494 |    494 |      0 |      0 |    138 |   2 |  247.0 |
       Dungeon |    494 |    494 |      0 |      0 |    138 |   2 |  247.0 |
               +--------+--------+--------+--------+--------+-----+--------+

Top non-repeatable levels by time:
     D:1: 391 daAuts
     D:2: 103 daAuts
